[Event "Titled Tuesday Blitz April 4 Late 2023"]
[White "Movahed, Sina"]
[Black "Schmakel, Sam"]
[WhiteFideId "42520835"]
[BlackFideId "2039311"]
[WhiteElo "2225"]
[BlackElo "2356"]
[Result "1-0"]
[Round "06"]
[TimeControl "180+2"]
[Date "2023.04.04"]
[WhiteClock "0:00:04"]
[BlackClock "0:00:02"]

1. e4 c5 2. Nf3 d6 3. d4 cxd4 4. Nxd4 Nf6 5. Nc3 a6 6. Bg5 e6 7. f4 Qb6 8. Qd2 Qxb2 9. Rb1 Qa3 10. f5 Nc6 11. Nxc6 bxc6 12. Bd3 Be7 13. O-O O-O 14. Rb3 Qc5+ 15. Kh1 Re8 16. Na4 Qa7 17. Qa5 Ng4 18. Bxe7 Qxe7 19. Nb6 Rb8 20. Be2 Ne5 21. Rg3 Qd8 22. f6 Ng6 23. Qh5 Rxb6 24. Rh3 h6 25. Rg3 e5 26. Rxg6 fxg6 27. Qxg6 Rb7 28. f7+ Rxf7 29. Qxf7+ Kh7 30. Bh5 Rg8 31. Bg6+ Kh8 32. c4 Qg5 33. h3 Qh4 34. Rf3 Bg4 35. Re3 Bc8 36. Kh2 Qg5 37. Rg3 Qd2 38. Rf3 Qd4 39. Qe7 a5 40. Rf8 Qxc4 41. Bf7 1-0


[Site "https://www.chess.com"]

[Event "Titled Tuesday Blitz April 4 Late 2023"]
[White "Aydincelebi, Kagan"]
[Black "Hansen, Eric"]
[WhiteFideId "6361102"]
[BlackFideId "2606771"]
[WhiteElo "2180"]
[BlackElo "2561"]
[Result "1-0"]
[Round "06"]
[TimeControl "180+2"]
[Date "2023.04.04"]
[WhiteClock "0:00:19"]
[BlackClock "0:00:05"]

1. e4 c5 2. Nf3 e6 3. c3 Nf6 4. e5 Nd5 5. d4 cxd4 6. cxd4 d6 7. a3 Nc6 8. Bd3 Be7 9. O-O O-O 10. Bd2 Qb6 11. Nc3 dxe5 12. dxe5 Rd8 13. Qe2 Nd4 14. Nxd4 Qxd4 15. Rad1 Qh4 16. Be4 Bd7 17. g3 Qh3 18. Bg2 Qf5 19. Be4 Qh3 20. Nxd5 exd5 21. Bxd5 Ba4 22. Bxf7+ Kh8 23. b3 Bc6 24. f3 Qf5 25. Bc4 Bc5+ 26. Kg2 Re8 27. Bc3 Bxa3 28. Bd5 Rac8 29. Bxc6 Rxc6 30. Rd3 Rec8 31. Qd2 h6 32. Rf2 Kh7 33. Bd4 Rc2 34. Qe3 1-0


[Site "https://www.chess.com"]

[Event "Titled Tuesday Blitz April 4 Late 2023"]
[White "Timofeev, Artyom"]
[Black "Srinath, Rao S.V."]
[WhiteFideId "4140419"]
[BlackFideId "5028876"]
[WhiteElo "2586"]
[BlackElo "2196"]
[Result "1-0"]
[Round "06"]
[TimeControl "180+2"]
[Date "2023.04.04"]
[WhiteClock "0:00:40"]
[BlackClock "0:00:01"]

1. c4 Nf6 2. Nc3 g6 3. e4 d6 4. g3 Bg7 5. Bg2 O-O 6. Nge2 c5 7. d4 cxd4 8. Nxd4 a6 9. O-O Qc7 10. b3 Nc6 11. Be3 Ng4 12. Nd5 Qd8 13. Qd2 Nxe3 14. fxe3 e6 15. Nc3 Bd7 16. Rad1 Qg5 17. Nce2 Rad8 18. h4 Qc5 19. Bh3 h5 20. Kh2 g5 21. hxg5 Qxg5 22. Nf3 Qh6 23. Nf4 e5 24. Nd5 Bg4 25. Rde1 f5 26. Nh4 fxe4 27. Qg2 Bxh3 28. Qxh3 Rxf1 29. Rxf1 Rf8 30. Rxf8+ Bxf8 31. Qf5 Ne7 32. Qxe4 Qg7 33. Nf5 Nxf5 34. Qxf5 Qf7 35. e4 Qxf5 36. exf5 Kf7 37. Kh3 e4 38. Kg2 Bh6 39. Kf1 b5 40. cxb5 axb5 41. a4 bxa4 42. bxa4 Bd2 43. Ke2 e3 44. Nxe3 Ba5 45. Nd5 Kf8 46. Kf3 Kf7 47. g4 h4 48. Kg2 Bd2 49. Kh3 1-0


[Site "https://www.chess.com"]

[Event "Titled Tuesday Blitz April 4 Late 2023"]
[White "EREBUNI91"]
[Black "Leitao, Rafael"]
[BlackFideId "2101246"]
[WhiteElo "2659"]
[BlackElo "2609"]
[Result "1/2-1/2"]
[Round "06"]
[TimeControl "180+2"]
[Date "2023.04.04"]
[WhiteClock "0:00:14"]
[BlackClock "0:00:17"]

1. e4 e5 2. Nf3 Nc6 3. Bb5 a6 4. Ba4 d6 5. d4 b5 6. Bb3 Nxd4 7. Nxd4 exd4 8. Bd5 Rb8 9. Bc6+ Bd7 10. Bxd7+ Qxd7 11. Qxd4 Nf6 12. O-O Be7 13. Nc3 O-O 14. Bf4 Rfe8 15. Rfe1 Bf8 16. Rad1 Qe6 17. h3 b4 18. Nd5 Nxd5 19. Qxd5 Rb5 20. Qxe6 Rxe6 21. Kf1 g6 22. Rd5 Bg7 23. b3 Bc3 24. Re2 Kg7 25. f3 c6 26. Rxb5 axb5 27. Bd2 Re8 28. Bxc3+ bxc3 29. a3 Ra8 30. Re3 Rxa3 31. Rxc3 c5 32. Rd3 Ra2 33. Rd2 Kf8 34. Ke2 Ke7 35. Kd3 Ra1 36. Ke3 Ke6 37. Kf4 f6 38. h4 h6 39. Ke3 h5 40. Kf4 Rh1 41. g3 Ra1 42. Re2 Rd1 43. Ke3 Rg1 44. Kf4 Rd1 45. Rf2 b4 46. Re2 Rf1 47. Rd2 Rg1 48. Re2 Rf1 49. Rd2 Rg1 50. Re2 Rf1 1/2-1/2


[Site "https://www.chess.com"]

[Event "Titled Tuesday Blitz April 4 Late 2023"]
[White "Makridis, Dimitrios"]
[Black "Hirneise, Jens"]
[WhiteFideId "25864475"]
[BlackFideId "24614734"]
[WhiteElo "2277"]
[BlackElo "2345"]
[Result "0-1"]
[Round "06"]
[TimeControl "180+2"]
[Date "2023.04.04"]
[WhiteClock "0:01:02"]
[BlackClock "0:01:11"]

1. e4 d5 2. e5 c5 3. f4 Nc6 4. Nf3 Bg4 5. Be2 e6 6. c3 c4 7. O-O Bc5+ 8. Kh1 Nge7 9. b3 b5 10. a4 a6 11. axb5 axb5 12. Rxa8 Qxa8 13. d4 cxd3 14. Qxd3 Bxf3 15. Bxf3 b4 16. Be3 Bxe3 17. Qxe3 bxc3 18. Nxc3 O-O 19. Nb5 Rb8 20. Nd6 Qa3 21. f5 Qxb3 22. Qg5 Qd3 23. Rc1 Rb1 24. f6 Qf1+ 25. Rxf1 Rxf1# 0-1


[Site "https://www.chess.com"]

[Event "Titled Tuesday Blitz April 4 Late 2023"]
[White "Jimenez Jimenez, Leandro"]
[Black "Bluebaum, Matthias"]
[WhiteFideId "6415253"]
[BlackFideId "24651516"]
[WhiteElo "2263"]
[BlackElo "2638"]
[Result "0-1"]
[Round "06"]
[TimeControl "180+2"]
[Date "2023.04.04"]
[WhiteClock "0:00:59"]
[BlackClock "0:02:17"]

1. d4 d5 2. c4 e6 3. Nf3 Nf6 4. g3 Nc6 5. Bg2 Bd6 6. O-O O-O 7. b3 dxc4 8. bxc4 e5 9. d5 Na5 10. Qc2 b6 11. Bb2 Re8 12. Nbd2 h6 13. Nb3 Nb7 14. a4 a5 15. h3 Bd7 16. Nh4 Nc5 17. Nxc5 Bxc5 18. Nf5 Qc8 19. e4 Bxf5 20. exf5 Qd7 21. Rfe1 Qd6 22. g4 Bd4 23. Bxd4 exd4 24. Qd3 Qc5 25. Red1 Rad8 26. Qxd4 Re1+ 27. Kh2 Qxd4 0-1


[Site "https://www.chess.com"]

[Event "Titled Tuesday Blitz April 4 Late 2023"]
[White "Grigoriants, Sergey"]
[Black "Mortazavi, Ali"]
[WhiteFideId "4130804"]
[BlackFideId "401323"]
[WhiteElo "2502"]
[BlackElo "2339"]
[Result "1-0"]
[Round "06"]
[TimeControl "180+2"]
[Date "2023.04.04"]
[WhiteClock "0:00:36"]
[BlackClock "0:00:03"]

1. d4 Nf6 2. c4 g6 3. f3 Bg7 4. e4 O-O 5. Ne2 d6 6. Be3 Nc6 7. Nbc3 a6 8. a3 e5 9. d5 Ne7 10. g4 c6 11. h4 b5 12. h5 bxc4 13. h6 Bh8 14. g5 Nh5 15. dxc6 Be6 16. Nd5 Nxc6 17. Rxh5 gxh5 18. Ng3 Nd4 19. Bxc4 Rc8 20. Rc1 Rxc4 21. Rxc4 Bxd5 22. exd5 Qa5+ 23. Kf2 Qxd5 24. Nf5 Qe6 25. Bxd4 Qxf5 26. Be3 Rd8 27. Qd5 Qe6 28. Qxe6 fxe6 29. b4 Kf7 30. Rc6 Kg6 31. Rxa6 Kf5 32. Ra7 d5 33. Rxh7 d4 34. Bd2 e4 35. fxe4+ Kxe4 36. Rxh8 Rxh8 37. g6 Rf8+ 38. Kg2 1-0


[Site "https://www.chess.com"]

[Event "Titled Tuesday Blitz April 4 Late 2023"]
[White "Somalianwarrior2006"]
[Black "Omelja, Artem"]
[BlackFideId "14119846"]
[WhiteElo "2855"]
[BlackElo "2404"]
[Result "0-1"]
[Round "06"]
[TimeControl "180+2"]
[Date "2023.04.04"]
[WhiteClock "0:00:03"]
[BlackClock "0:00:05"]

1. e4 c5 2. Nf3 Nf6 3. Nc3 d5 4. exd5 Nxd5 5. d4 Nxc3 6. bxc3 e6 7. Bd3 Qc7 8. O-O Bd6 9. Re1 Nd7 10. a4 O-O 11. Qe2 Nf6 12. Bg5 h6 13. Bxf6 gxf6 14. Qe4 f5 15. Qh4 Kg7 16. Ne5 Qd8 17. Qg3+ Qg5 18. Qxg5+ hxg5 19. Nc4 Rd8 20. Nxd6 Rxd6 21. dxc5 Rc6 22. Rad1 Rxc5 23. Be2 Rxc3 24. Rd8 Rxc2 25. h4 gxh4 26. Bf3 Rb8 27. a5 b5 28. axb6 Rxb6 29. Ra1 Rc7 30. Rd4 Ba6 31. Rxh4 Bb5 32. Rb4 a6 33. g3 Rd6 34. Bg2 Rc5 35. Bf1 Bxf1 36. Kxf1 Rc2 37. Rf4 Kf6 38. Ra5 Kg5 39. Rf3 Rb2 40. Kg2 Rb5 41. Ra4 a5 42. Rff4 Rdd5 43. Rfc4 Rd2 44. Rf4 Kf6 45. Rf3 Ke7 46. Rff4 Kd6 47. Rfc4 Rdb2 48. Ra3 R2b4 49. Rd3+ Ke7 50. Rc7+ Kf6 51. Rdd7 Rb2 52. Rxf7+ Ke5 53. Rfe7 Rd2 54. Rc6 Rd6 55. Rcc7 Rb2 56. Ra7 Ra2 57. Rec7 Rdd2 58. Rc5+ Kf6 59. Raxa5 Rxf2+ 60. Kg1 Rg2+ 61. Kh1 Rh2+ 62. Kg1 Rhg2+ 63. Kf1 Rxa5 64. Rxa5 Rxg3 65. Kf2 Rg4 66. Kf3 Rc4 67. Ra8 Rc3+ 68. Ke2 Ke5 69. Ra5+ Kf4 70. Kf2 e5 71. Ra4+ e4 72. Ra2 Rd3 73. Ke2 Rh3 74. Kf1 e3 75. Kg2 Rg3+ 76. Kf1 Rg8 77. Rb2 Rc8 78. Ke2 Rc4 79. Ra2 Ke4 80. Ra8 Rc2+ 81. Ke1 Rh2 82. Ra3 Kf3 83. Kd1 Rh1+ 84. Kc2 Kf2 85. Ra1 Rxa1 0-1


[Site "https://www.chess.com"]

[Event "Titled Tuesday Blitz April 4 Late 2023"]
[White "Fiorito, Joaquin"]
[Black "Baskakov, Egor"]
[WhiteFideId "180173"]
[BlackFideId "24197866"]
[WhiteElo "2157"]
[BlackElo "2212"]
[Result "1/2-1/2"]
[Round "06"]
[TimeControl "180+2"]
[Date "2023.04.04"]
[WhiteClock "0:00:05"]
[BlackClock "0:00:12"]

1. d4 Nf6 2. c4 e6 3. Nc3 d5 4. Bg5 Be7 5. e3 Ne4 6. Bxe7 Qxe7 7. Rc1 c6 8. Nxe4 dxe4 9. Ne2 O-O 10. Nc3 f5 11. Be2 Nd7 12. O-O e5 13. d5 Nf6 14. Qb3 Kh8 15. Rfd1 f4 16. exf4 exf4 17. f3 exf3 18. Bxf3 Bg4 19. Na4 cxd5 20. cxd5 Bxf3 21. Qxf3 Rad8 22. Nc3 Qb4 23. Rd2 Rfe8 24. h3 Re3 25. Qf2 Rde8 26. d6 Rd8 27. Rcd1 Re6 28. d7 Re7 29. Rd4 Qb6 30. Rxf4 Qxf2+ 31. Rxf2 Rexd7 32. Rxd7 Rxd7 33. Ne4 Rf7 34. Nxf6 gxf6 35. Rd2 Kg7 36. Kf2 Rc7 37. Kf3 Kg6 38. b3 h5 39. Kf4 b5 40. g4 hxg4 41. hxg4 Rc1 42. Rd5 Rf1+ 43. Kg3 Ra1 44. Rxb5 Rxa2 45. Kf4 Rf2+ 46. Kg3 Rb2 47. Kf4 a5 48. Rb6 a4 49. g5 Rxb3 50. Rxf6+ Kg7 51. Ra6 a3 52. Kf5 Rf3+ 53. Kg4 Rb3 54. Kf5 Rf3+ 55. Kg4 Rb3 56. Kf5 1/2-1/2


[Site "https://www.chess.com"]

[Event "Titled Tuesday Blitz April 4 Late 2023"]
[White "Pakleza, Zbigniew"]
[Black "Ortega Amarelle, Mariano"]
[WhiteFideId "1119290"]
[BlackFideId "3504301"]
[WhiteElo "2410"]
[BlackElo "2406"]
[Result "0-1"]
[Round "06"]
[TimeControl "180+2"]
[Date "2023.04.04"]
[WhiteClock "0:00:02"]
[BlackClock "0:00:25"]

1. a3 c5 2. c3 d6 3. d4 b6 4. e4 Bb7 5. Bd3 Nd7 6. Nf3 e6 7. O-O Ngf6 8. Qe2 Be7 9. e5 Bxf3 10. Qxf3 dxe5 11. dxe5 Nxe5 12. Bb5+ Kf8 13. Qe2 Qc7 14. Nd2 g6 15. Nc4 Neg4 16. g3 Kg7 17. Bf4 e5 18. Nxe5 Nxe5 19. Qxe5 Qxe5 20. Bxe5 Rad8 21. Rfe1 Bd6 22. Bxd6 Rxd6 23. Re7 a5 24. Rb7 Rhd8 25. Kg2 Rd2 26. Bc4 Ne4 27. Rxf7+ Kh6 28. Rf4 Nd6 29. Rh4+ Kg7 30. b4 Rf8 31. Rf1 Nf5 32. Re4 Nd6 33. Re7+ Kh6 34. Ba6 axb4 35. axb4 c4 36. Re6 b5 37. Rxd6 Rxd6 38. Bxb5 Rc8 39. Rc1 Rb6 40. Bd7 Rd8 41. Bg4 Rd2 42. Bf3 Kg5 43. h4+ Kf5 0-1


[Site "https://www.chess.com"]

[Event "Titled Tuesday Blitz April 4 Late 2023"]
[White "Bruedigam, Martin"]
[Black "Bilych, Olexiy"]
[WhiteFideId "24608033"]
[BlackFideId "14156504"]
[WhiteElo "2331"]
[BlackElo "2320"]
[Result "1-0"]
[Round "06"]
[TimeControl "180+2"]
[Date "2023.04.04"]
[WhiteClock "0:00:12"]
[BlackClock "0:00:08"]

1. d4 Nf6 2. c4 e6 3. Nc3 Bb4 4. e3 O-O 5. Bd2 d5 6. Bd3 b6 7. Nf3 Bb7 8. cxd5 exd5 9. O-O Re8 10. Qb1 h6 11. Rc1 c5 12. a3 Bxc3 13. bxc3 c4 14. Bc2 Nbd7 15. Rf1 Ne4 16. Be1 h5 17. Qb2 h4 18. Nd2 h3 19. g3 Ndf6 20. f3 Nd6 21. Bf2 Qd7 22. Rae1 Re7 23. Re2 Rae8 24. Rfe1 g5 25. g4 Nxg4 26. fxg4 Qxg4+ 27. Bg3 f5 28. Bd1 f4 29. Qc2 Kg7 30. Rf2 Qd7 31. Bxf4 gxf4 32. Kh1 Qf5 33. Rg1+ Kh8 34. Rxf4 Qxc2 35. Bxc2 Ne4 36. Nxe4 dxe4 37. Rg3 Bc8 38. Bd1 Rg7 39. Kg1 Rxg3+ 40. hxg3 Kg7 41. Kh2 Rh8 42. Bg4 Bb7 43. Bf5 Re8 44. Bxh3 b5 45. Kg2 a5 46. Bd7 Rb8 47. Bxb5 Bd5 48. a4 Kg6 49. g4 Kg5 50. Kg3 Be6 51. Rxe4 Kf6 52. Rf4+ Ke7 53. e4 Rg8 54. d5 Bc8 55. e5 Rxg4+ 56. Rxg4 1-0


[Site "https://www.chess.com"]

[Event "Titled Tuesday Blitz April 4 Late 2023"]
[White "Bolourchifard, Farzad"]
[Black "Escanor89"]
[WhiteFideId "12510084"]
[WhiteElo "2317"]
[BlackElo "2535"]
[Result "1-0"]
[Round "06"]
[TimeControl "180+2"]
[Date "2023.04.04"]
[WhiteClock "0:00:29"]
[BlackClock "0:00:11"]

1. e4 c5 2. Nc3 Nc6 3. g3 g6 4. Bg2 Bg7 5. d3 d6 6. Be3 Rb8 7. Qd2 b5 8. Nge2 b4 9. Nd1 Nd4 10. Nc1 e6 11. a3 a5 12. O-O Ne7 13. axb4 axb4 14. c3 bxc3 15. bxc3 Ndc6 16. Bh6 O-O 17. Bxg7 Kxg7 18. Ne3 Qc7 19. Ne2 Bd7 20. d4 Na5 21. Ng4 Ng8 22. Rab1 Bb5 23. d5 Nc4 24. Qd1 e5 25. h4 h5 26. Nh2 Nf6 27. Re1 Na3 28. Ra1 Bxe2 29. Qxe2 Nb5 30. Rec1 Rb6 31. Bf1 Rfb8 32. Nf3 Na7 33. Ra2 Nc8 34. Ng5 Ne7 35. Bh3 Nh7 36. Nxh7 Kxh7 37. Kg2 Kg7 38. Rca1 Ng8 39. Ra7 R6b7 40. Rxb7 Rxb7 41. Ra6 Nf6 42. Rc6 Qe7 43. Kh2 Rc7 44. f3 Rxc6 45. dxc6 Qc7 46. Qa6 d5 47. Qb7 Qa5 48. Be6 1-0


[Site "https://www.chess.com"]

[Event "Titled Tuesday Blitz April 4 Late 2023"]
[White "Adewumi, Tanitoluwa"]
[Black "Francisco Guecamburu, Candela Be"]
[WhiteFideId "30966396"]
[BlackFideId "160911"]
[WhiteElo "2717"]
[BlackElo "2326"]
[Result "0-1"]
[Round "06"]
[TimeControl "180+2"]
[Date "2023.04.04"]
[WhiteClock "0:00:01"]
[BlackClock "0:01:42"]

1. e4 c5 2. Nf3 g6 3. c3 d5 4. exd5 Qxd5 5. d4 Bg7 6. Nbd2 cxd4 7. Bc4 Qc5 8. cxd4 Qc7 9. O-O Nf6 10. Qb3 O-O 11. Re1 e6 12. Ne4 Nc6 13. Bf1 Nxe4 14. Rxe4 b6 15. Bf4 Qd8 16. Rd1 Ne7 17. Bg5 Bb7 18. Rh4 Bd5 19. Qa3 f6 20. Bh6 Nf5 21. Bxg7 Nxh4 22. Bxf8 Nxf3+ 23. gxf3 Qxf8 24. Qxf8+ Rxf8 25. Rc1 Bxf3 26. Rc7 Rf7 27. Rc8+ Kg7 0-1


[Site "https://www.chess.com"]

[Event "Titled Tuesday Blitz April 4 Late 2023"]
[White "Hansen, Sune Berg"]
[Black "Petrovic, Aleksa"]
[WhiteFideId "1400266"]
[BlackFideId "967629"]
[WhiteElo "2713"]
[BlackElo "2309"]
[Result "1-0"]
[Round "06"]
[TimeControl "180+2"]
[Date "2023.04.04"]
[WhiteClock "0:00:29"]
[BlackClock "0:00:04"]

1. Nf3 Nf6 2. g3 b6 3. Bg2 Bb7 4. O-O c5 5. d3 g6 6. e4 Bg7 7. Ng5 Qc8 8. f4 O-O 9. Nc3 d6 10. a4 Nc6 11. Bd2 Nd4 12. Rb1 h6 13. Nh3 Nd7 14. Nd5 Qd8 15. c3 Nc6 16. Ne3 e6 17. Nf2 f5 18. Qe2 Qc7 19. Rfe1 Rae8 20. Rbd1 Kh7 21. Bc1 Ba6 22. Qc2 Nf6 23. g4 Qd7 24. h3 d5 25. e5 Ng8 26. Nf1 d4 27. Ng3 Nge7 28. Bd2 Nd5 29. gxf5 gxf5 30. Kh2 Rg8 31. Rg1 Ne3 32. Bxe3 dxe3 33. Nfh1 Qe7 34. Bxc6 Qh4 35. Bxe8 Qxf4 36. Rdf1 Qxe5 37. d4 cxd4 38. cxd4 Qxd4 39. Bf7 Rc8 40. Qd1 Bxf1 41. Rxf1 Qxd1 42. Rxd1 Rc2+ 43. Kg1 e2 44. Re1 Bd4+ 45. Kg2 Rxb2 46. Rxe2 Rxe2+ 47. Nxe2 Bb2 48. Bxe6 Kg6 49. Nhg3 a6 50. Bxf5+ Kg5 51. Bd3 b5 52. a5 Bc3 53. Nxc3 1-0


[Site "https://www.chess.com"]

[Event "Titled Tuesday Blitz April 4 Late 2023"]
[White "Loiacono, Antonio"]
[Black "Iliaguev, Nisim"]
[WhiteFideId "895415"]
[BlackFideId "2817276"]
[WhiteElo "2257"]
[BlackElo "2241"]
[Result "1-0"]
[Round "06"]
[TimeControl "180+2"]
[Date "2023.04.04"]
[WhiteClock "0:00:06"]
[BlackClock "0:00:04"]

1. e4 c6 2. d4 d5 3. e5 Bf5 4. Nd2 e6 5. Nb3 Ne7 6. Nf3 h6 7. Be2 Nd7 8. c3 c5 9. Nxc5 Nxc5 10. dxc5 Nc6 11. b4 Be7 12. a3 O-O 13. O-O Qc7 14. Bf4 Rad8 15. Nd4 Bg6 16. Nxc6 bxc6 17. Bg3 Qb7 18. Qd4 f5 19. f4 Kh7 20. Rfb1 Be8 21. a4 a6 22. Bf2 Bd7 23. Qd3 Ra8 24. c4 g5 25. cxd5 exd5 26. g3 gxf4 27. gxf4 Rg8+ 28. Kh1 Be6 29. Bd4 Rg7 30. b5 axb5 31. axb5 Rxa1 32. Rxa1 cxb5 33. Qxb5 Qc8 34. Ra6 Qg8 35. Qc6 Rg6 36. Bh5 Rg4 37. Qxe6 Qb8 38. Qxe7+ Kg8 39. Qe6+ Kg7 40. Qxh6+ Kg8 41. Rg6+ Rxg6 42. Qxg6+ Kh8 43. e6+ 1-0


[Site "https://www.chess.com"]

[Event "Titled Tuesday Blitz April 4 Late 2023"]
[White "Thomforde-Toates, Noah"]
[Black "Roebers, Eline"]
[WhiteFideId "30951992"]
[BlackFideId "1058401"]
[WhiteElo "2702"]
[BlackElo "2522"]
[Result "1-0"]
[Round "06"]
[TimeControl "180+2"]
[Date "2023.04.04"]
[WhiteClock "0:00:55"]
[BlackClock "0:00:38"]

1. d4 f5 2. Nc3 Nf6 3. Bg5 d5 4. e3 e6 5. f4 c5 6. Nf3 Nc6 7. Bb5 Be7 8. Bxf6 Bxf6 9. O-O O-O 10. Ne5 Bd7 11. Bxc6 bxc6 12. Ne2 Be8 13. Nc1 cxd4 14. exd4 c5 15. c3 cxd4 16. Qxd4 Qc7 17. Re1 Rb8 18. Ncd3 Bb5 19. Nc5 Rb6 20. b4 Rc8 21. a4 Be8 22. a5 Rc6 23. g3 h6 24. Re3 g5 25. Rae1 g4 26. Kf2 Bf7 27. Ke2 Be7 28. Nxc6 Qxc6 29. Kd2 Qb5 30. Nxe6 Rc4 31. Qg7# 1-0


[Site "https://www.chess.com"]

[Event "Titled Tuesday Blitz April 4 Late 2023"]
[White "Zeynalli, Rashad"]
[Black "Matinian, Nikita"]
[WhiteFideId "13403320"]
[BlackFideId "24129100"]
[WhiteElo "2125"]
[BlackElo "2422"]
[Result "0-1"]
[Round "06"]
[TimeControl "180+2"]
[Date "2023.04.04"]
[WhiteClock "0:00:12"]
[BlackClock "0:00:06"]

1. d4 Nf6 2. Bf4 e6 3. e3 c5 4. c3 b6 5. Nf3 Bb7 6. Bd3 Be7 7. h3 O-O 8. O-O Ne4 9. Nbd2 f5 10. Qc2 d5 11. Ne5 Nd7 12. Ndf3 Ndf6 13. Ng5 Nxg5 14. Bxg5 Rc8 15. a4 h6 16. Bxf6 Bxf6 17. f4 cxd4 18. exd4 Bxe5 19. fxe5 a5 20. Kh2 Bc6 21. Qf2 g5 22. Bc2 Qe7 23. Qe2 Be8 24. Qd3 Bg6 25. g4 Bh7 26. gxf5 Bxf5 27. Qe2 Qh7 28. Bxf5 Rxf5 29. Rxf5 Qxf5 30. Rf1 Qh7 31. Qg4 Re8 32. Kg1 Qg6 33. Rf6 Qb1+ 34. Kh2 Qxb2+ 35. Kg1 Qb1+ 36. Kh2 Qc2+ 37. Kg1 Qxc3 38. Qh5 Qxd4+ 39. Rf2 Re7 40. Qg6+ Rg7 41. Qxe6+ Kh8 42. Qc8+ Rg8 43. Qc6 Kh7 44. Qd7+ Rg7 45. Qf5+ Kh8 46. e6 Qd1+ 47. Kg2 Qe1 48. Qf8+ Kh7 49. Qf5+ Kh8 50. Rc2 Qe4+ 51. Qxe4 dxe4 52. Rc6 Re7 53. Rxb6 Kg7 54. Kf2 Kf6 55. Ke3 Rxe6 56. Rb5 Re5 57. Rb6+ Re6 58. Rb5 Re5 59. Rb6+ Kf5 60. Rxh6 Rd5 61. Ra6 Rd3+ 62. Ke2 Rxh3 63. Rxa5+ Kf4 64. Ra8 Re3+ 65. Kf2 Rf3+ 66. Ke2 Re3+ 67. Kf2 Ra3 68. Rf8+ Kg4 69. Re8 Rxa4 70. Ke3 Kg3 71. Rb8 g4 72. Rb2 Kh3 73. Kf4 g3 74. Rb3 e3+ 75. Kxe3 g2 76. Kf2+ Kh2 77. Rb8 Rf4+ 78. Ke3 g1=Q+ 79. Kxf4 Qg3+ 0-1


[Site "https://www.chess.com"]

[Event "Titled Tuesday Blitz April 4 Late 2023"]
[White "Bellahcene, Bilel"]
[Black "Ezat, Mohamed"]
[WhiteFideId "696358"]
[BlackFideId "10600906"]
[WhiteElo "2566"]
[BlackElo "2386"]
[Result "0-1"]
[Round "06"]
[TimeControl "180+2"]
[Date "2023.04.04"]
[WhiteClock "0:00:01"]
[BlackClock "0:00:23"]

1. e4 e5 2. Nf3 Nc6 3. Bb5 Nge7 4. O-O a6 5. Ba4 g6 6. c3 Bg7 7. d4 exd4 8. cxd4 b5 9. Bb3 O-O 10. d5 Na5 11. Bc2 d6 12. Bd2 Nc4 13. Bc3 Nxb2 14. Qc1 Nc4 15. Bxg7 Kxg7 16. Bd3 Ne5 17. Qc3 f6 18. Nxe5 fxe5 19. f4 b4 20. Qb2 Kg8 21. fxe5 Rxf1+ 22. Bxf1 dxe5 23. Qxe5 Qd6 24. Qxd6 cxd6 25. Nd2 a5 26. Nc4 Ra6 27. Rc1 a4 28. Ne3 Rb6 29. Rc7 Kf8 30. Nc4 Ra6 31. Ne5 Ra8 32. Nc4 b3 33. a3 Rb8 34. Nb2 Ke8 35. Bd3 Bd7 36. Kf2 g5 37. e5 Nxd5 38. Ra7 dxe5 39. Bxh7 Nf6 40. Bg6+ Kd8 41. Ke3 Rc8 42. Rb7 e4 43. Bxe4 Nxe4 0-1


[Site "https://www.chess.com"]

[Event "Titled Tuesday Blitz April 4 Late 2023"]
[White "Skvortsov, Andrei"]
[Black "Becerra, Juan David"]
[WhiteFideId "24108600"]
[BlackFideId "4404998"]
[WhiteElo "2259"]
[BlackElo "2276"]
[Result "0-1"]
[Round "06"]
[TimeControl "180+2"]
[Date "2023.04.04"]
[WhiteClock "0:01:40"]
[BlackClock "0:00:09"]

1. e4 e5 2. d4 exd4 3. Qxd4 Nc6 4. Qd2 g6 5. Nf3 Bg7 6. Bc4 Nge7 7. O-O O-O 8. Nc3 d6 9. h3 h6 10. Nd5 Nxd5 11. exd5 Ne5 12. Nxe5 dxe5 13. a4 Kh7 14. a5 f5 15. Ra3 e4 16. Qe2 Qd6 17. Rb3 b6 18. Bd2 c5 19. dxc6 Qxc6 20. axb6 axb6 21. Be3 Rb8 22. Bf4 Rb7 23. Rd1 Be6 24. Bxe6 Qxe6 25. Rd6 Qc8 26. Rdxb6 Rxb6 27. Rxb6 Rd8 28. Rb8 Qd7 29. Rxd8 Qxd8 30. c3 Qd5 31. Be3 g5 32. g3 Be5 33. Qd2 Qc6 34. Bd4 Bd6 35. b4 f4 36. gxf4 gxf4 37. Qd1 f3 38. Qb3 Qd7 39. h4 Qg4+ 40. Kf1 Qg2+ 41. Ke1 Qg1+ 42. Kd2 Bf4+ 43. Be3 Qxf2+ 44. Kd1 Qe2+ 45. Kc1 Qxe3+ 46. Kb1 Qc1+ 47. Ka2 Qd2+ 48. Kb1 Qd3+ 49. Ka2 Qa6+ 50. Kb1 Qf6 51. Qc2 Qf5 52. Kb2 Be5 53. Qf2 e3 54. Qxe3 f2 55. Qa7+ Bg7 0-1


[Site "https://www.chess.com"]

[Event "Titled Tuesday Blitz April 4 Late 2023"]
[White "Goffredo_Fofi"]
[Black "Jaracz, Pawel"]
[BlackFideId "1102222"]
[WhiteElo "2512"]
[BlackElo "2438"]
[Result "0-1"]
[Round "06"]
[TimeControl "180+2"]
[Date "2023.04.04"]
[WhiteClock "0:00:21"]
[BlackClock "0:00:23"]

1. d4 d6 2. Nf3 Bg4 3. c4 Nd7 4. Nc3 g6 5. e4 Bg7 6. Be3 e5 7. d5 Ne7 8. Be2 Bxf3 9. Bxf3 O-O 10. g4 f5 11. gxf5 gxf5 12. Rg1 Kh8 13. Qe2 Nf6 14. O-O-O f4 15. Bd2 c5 16. Bg4 Nxg4 17. Rxg4 a6 18. Rdg1 Bf6 19. Kb1 Qe8 20. Ka1 Rb8 21. Bc1 b5 22. Nd1 Rg8 23. f3 Rxg4 24. Rxg4 bxc4 25. Qxc4 Qb5 26. b3 Ng6 27. Rg1 Nh4 28. Rf1 Rg8 29. Bd2 Rg2 30. Be1 Qxc4 31. bxc4 Rxh2 32. Bxh4 Bxh4 33. Kb1 h5 34. Nc3 Bf2 35. Na4 Bd4 36. Nb6 Rb2+ 0-1


[Site "https://www.chess.com"]

[Event "Titled Tuesday Blitz April 4 Late 2023"]
[White "Baglan, Esat"]
[Black "Aggelis, Nikolaos"]
[WhiteFideId "6309216"]
[BlackFideId "4213220"]
[WhiteElo "2231"]
[BlackElo "2189"]
[Result "0-1"]
[Round "06"]
[TimeControl "180+2"]
[Date "2023.04.04"]
[WhiteClock "0:00:46"]
[BlackClock "0:00:16"]

1. d4 d5 2. Nf3 Nf6 3. Bf4 c5 4. e3 Nc6 5. Nbd2 Qb6 6. dxc5 Qxc5 7. c4 d4 8. a3 dxe3 9. Bxe3 Qh5 10. Be2 Bg4 11. h3 e6 12. O-O Bxf3 13. Bxf3 Qe5 14. Qb3 Qc7 15. c5 Be7 16. Nc4 O-O 17. Rfd1 Rfd8 18. g3 Rxd1+ 19. Rxd1 Rd8 20. Rxd8+ Nxd8 21. Qb5 a6 22. Qb6 Qxb6 23. cxb6 Nd5 24. Bd4 Nc6 25. Be3 Kf8 26. b4 Ke8 27. Bc5 Kd7 28. Kf1 f6 29. Ke2 Bxc5 30. bxc5 Nd4+ 31. Kd3 Nxf3 32. Na5 Kc8 33. Ke4 Ne5 34. f4 Nc6 35. Nc4 Kd7 36. f5 Nde7 37. Nd6 Nd8 38. fxe6+ Kxe6 39. a4 Nec6 40. Nf5 g6 41. Ne3 f5+ 42. Kf4 Nf7 43. g4 g5+ 44. Kf3 f4 45. Nc4 Nfe5+ 0-1


[Site "https://www.chess.com"]

[Event "Titled Tuesday Blitz April 4 Late 2023"]
[White "Danielyan, Vahe"]
[Black "Makaraci, Tunahan"]
[WhiteFideId "13304828"]
[BlackFideId "6356559"]
[WhiteElo "2423"]
[BlackElo "2160"]
[Result "0-1"]
[Round "06"]
[TimeControl "180+2"]
[Date "2023.04.04"]
[WhiteClock "0:00:04"]
[BlackClock "0:00:07"]

1. d4 d5 2. c4 e6 3. Nc3 c5 4. cxd5 exd5 5. Nf3 Nf6 6. g3 Nc6 7. Bg2 cxd4 8. Nxd4 Bc5 9. Nb3 Bb6 10. O-O d4 11. Na4 O-O 12. Bg5 Re8 13. Nxb6 axb6 14. Re1 h6 15. Bxf6 Qxf6 16. Bxc6 bxc6 17. Qxd4 Qd8 18. Qxd8 Rxd8 19. a3 Be6 20. Nc1 Rd2 21. Nd3 c5 22. Rad1 Rc2 23. Rc1 Rd2 24. b4 c4 25. Ne5 b5 26. Nf3 Ra2 27. Nd4 Bd7 28. Nc2 Rb2 29. Red1 Bf5 30. Nd4 Bd7 31. Rc3 Ra2 32. Nc2 Bf5 33. Nd4 Bd7 34. Re3 R8xa3 35. Re7 Ra7 36. f3 Kf8 37. Re5 Rb7 38. Kf2 g6 39. Rc5 Rb2 40. Rd5 Rxb4 41. Ra1 Ra4 42. Rc1 Ke7 43. h4 h5 44. f4 Ra6 45. Re5+ Kf6 46. Nf3 Re6 47. Rc5 Rc6 48. Rd5 Be6 49. Rd4 b4 50. Ne5 Rc5 51. Nd3 Rd5 52. Rdxc4 b3 53. Ne5 Kg7 54. Rb1 Rxe5 55. Rc3 Reb5 56. Rb2 Kf6 57. e4 Rb4 58. Ke3 Re7 59. Rd3 Bf5 60. e5+ Kg7 61. Rc3 Re4+ 62. Kf3 Rb4 63. Rcxb3 Rxb3+ 64. Rxb3 Rc7 65. Ke3 Be6 66. Ra3 Bd5 67. Rd3 Be6 68. Ra3 Rc1 69. Kf2 Rc2+ 70. Kf1 Bh3+ 71. Ke1 Rg2 72. Re3 Be6 73. Kf1 Rb2 74. Ke1 Kf8 75. Rd3 Ke7 76. Kf1 Bc4 0-1


[Site "https://www.chess.com"]